 Dungeon Crawl Stone Soup version 0.25.0-3-gd7cc5688da (webtiles) character file.

Game seed: 4377501212116605264

700 Matador8 the Conjurer (level 7, -4/50 HPs)
             Began as a Yellow Draconian Conjurer on June 15, 2020.
             Slain by a sky beast (6 damage)
             ... on level 5 of the Dungeon.
             The game lasted 00:29:28 (5217 turns).

Matador8 the Conjurer (Yellow Draconian Conjurer)   Turns: 5217, Time: 00:29:28

Health: -4/50      AC:  7    Str: 10    XL:     7   Next: 38%
Magic:  5/13       EV: 12    Int: 17    God:
Gold:   87         SH:  0    Dex: 12    Spells: 8/14 levels left

rFire    . . .     SeeInvis .   q - +2 flail (vorpal)
rCold    . . .     Gourm    .   (no shield)
rNeg     . . .     Faith    .   (armour unavailable)
rPois    .         Spirit   .   (helmet restricted)
rElec    .         Reflect  .   (no cloak)
rCorr    +         Harm     .   p - +0 pair of gloves
MR       .....                  (no boots)
Stlth    ++........             (no amulet)
HPRegen  0.16/turn              (no ring)
MPRegen  0.13/turn              (no ring)

@: no status effects
A: spit acid, unfitting armour, cold-blooded, acid resistance, AC +6
a: Breathe Acid


You were on level 5 of the Dungeon.
You were very hungry.

You visited 1 branch of the dungeon, and saw 7 of its levels.

You collected 87 gold pieces.

Inventory:

Hand Weapons
 o - a +0 dagger
 q - a +2 vorpal flail (weapon)
Missiles
 v - 7 datura-tipped darts (quivered)
Armour
 p - a +0 pair of gloves (worn)
Jewellery
 n - a cursed -4 ring of evasion {unknown}
 t - an uncursed ring of see invisible {unknown}
Scrolls
 b - a scroll of magic mapping {unknown}
 c - 2 scrolls of remove curse
 d - a scroll of immolation {unknown}
 e - 3 scrolls of enchant armour
 f - a scroll of random uselessness {unknown}
 h - a scroll of blinking {unknown}
 l - 3 scrolls of teleportation
 m - 2 scrolls of fog
 u - a scroll of enchant weapon {unknown}
Potions
 a - 3 potions of curing
 g - a potion of brilliance {unknown}
 i - 3 potions of might
 j - a potion of haste {unknown}
 k - a potion of cancellation {unknown}
 r - a potion of heal wounds {unknown}
Comestibles
 s - 2 rations


   Skills:
 + Level 3.6 Maces & Flails
 - Level 1.7 Dodging
 - Level 1.7 Stealth
 + Level 4.4 Spellcasting
 - Level 5.0 Conjurations
 - Level 4.0 Hexes


You had 8 spell levels left.
You knew the following spells:

 Your Spells              Type           Power        Failure   Level  Hunger
a - Magic Dart            Conj           ###.         1%          1    None
b - Dazzling Flash        Conj/Hex       ###...       7%          3    ###....
c - Searing Ray           Conj           ###...       2%          2    ##.....

Your spell library contained the following spells:

 Spells                   Type           Power        Failure   Level  Hunger
 Shock                    Conj/Air       ##..         5%          1    None
 Static Discharge         Conj/Air       ##......     16%         3    ###....
 Swiftness                Chrm/Air       #.......     22%         2    ##.....
 Fulminant Prism          Conj/Hex       ###.......   24%         4    ####...
 Iskenderun's Mystic Bla  Conj/Tloc      ##......     47%         4    ####...
 Airstrike                Air            #.........   83%         4    ####...
 Lightning Bolt           Conj/Air       ##........   83%         5    ######.


Dungeon Overview and Level Annotations

Branches:
Dungeon (7/15)
 Temple: D:4-7

Altars:

Shops:
D:6 *

Annotations:
D:3 1 runed translucent door, Crazy Yiuf, Grinder


Innate Abilities, Weirdness & Mutations

You can spit globs of acid.
Your golden yellow scales are hard. (AC +6)
You cannot fit into any form of body armour.
You are cold-blooded and may be slowed by cold attacks.
You are resistant to acid. (rCorr)


Message History

The crimson imp closely misses you.
You catch the helpless sky beast completely off-guard!
You hit the sky beast but do no damage.
The sky beast is severely wounded.
The sky beast hits you. The sky beast shocks you.
* * * LOW HITPOINT WARNING * * *
The crimson imp barely misses you. The sky beast closely misses you.
You hit the sky beast.
The sky beast is almost dead.
The sky beast is no longer blind.
The crimson imp closely misses you. The sky beast hits you.
* * * LOW HITPOINT WARNING * * *
The sky beast shocks you.
* * * LOW HITPOINT WARNING * * *
You completely miss the sky beast.
The sky beast is almost dead.
The crimson imp misses you. The sky beast hits you.
* * * LOW HITPOINT WARNING * * *
The sky beast shocks you.
You die...

#
###..############
........)......(.
...$..##..#######
..... #..# ....
#Y5# ... #@.# ..
#..# . #. #..#
#.. #..# #..##..#
...#..# ##+#.#..#
...(.(..#
....#...#


You could see a sky beast and a crimson imp (blind).

Vanquished Creatures
  A centaur (D:6)
  2 bullfrogs (D:6)
  2 scorpions (D:4)
  3 howler monkeys
  A crimson imp (D:5)
  A hound (D:4)
  A jelly (D:5)
  2 worker ants
  5 adders
  An ooze (D:2)
  3 worms
  6 dart slugs
  3 leopard geckos
  2 orcs
  3 bats
  3 giant cockroaches
  6 hobgoblins
  6 jackals
  2 quokkas (D:2)
  3 ball pythons
  8 frilled lizards
  3 goblins
  A jackal skeleton (D:6)
  5 kobolds
  5 rats
78 creatures vanquished.

Notes
Turn   | Place    | Note
-------+----------+-------------------------------------------
     0 | D:1      | Matador8 the Draconian Conjurer began the quest for the
                  | Orb.
     0 | D:1      | Reached XP level 1. HP: 14/14 MP: 3/3
   408 | D:1      | Reached XP level 2. HP: 16/20 MP: 0/5
   934 | D:2      | Found a faded altar of an unknown god.
  1065 | D:2      | Noticed a howler monkey
  1189 | D:2      | Reached XP level 3. HP: 26/26 MP: 0/7
  1618 | D:2      | Learned a level 3 spell: Dazzling Flash
  1772 | D:2      | Reached XP level 4. HP: 30/33 MP: 4/8
  2223 | D:2      | Reached skill level 1 in Hexes
  2364 | D:2      | Noticed a centaur
  2835 | D:3      | Noticed Grinder
  2868 | D:2      | Reached skill level 5 in Conjurations
  2868 | D:2      | Reached XP level 5. HP: 38/38 MP: 5/10
  3280 | D:3      | Found a runed translucent door.
  3281 | D:3      | Noticed Crazy Yiuf
  4055 | D:4      | Reached skill level 1 in Maces & Flails
  4393 | D:4      | Reached XP level 6. HP: 35/45 MP: 6/11
  4438 | D:4      | You fall into a shaft and drop 3 floors!
  4439 | D:7      | Noticed a hungry ghost
  4622 | D:6      | Learned a level 2 spell: Searing Ray
  4652 | D:6      | Found Gozag's Platinum Reserve.
  4661 | D:6      | Your scales start taking on a golden yellow colour.
  4661 | D:6      | Reached XP level 7. HP: 44/50 MP: 5/12
  4661 | D:6      | Gained mutation: You are resistant to acid. (rCorr) [Yellow
                  | Draconian growth]
  4745 | D:6      | HP: 2/50 [centaur/cursed -2 shortbow (6)]
  5111 | D:5      | Entered Level 5 of the Dungeon
  5217 | D:5      | HP: 2/50 [sky beast (2)]
  5217 | D:5      | Slain by a sky beast

Illustrated notes

Levels and vault maps discovered:
D:1:      mrwooster_arrival_arrow, layout_basic, grunt_decor_cap
D:2:      layout_basic, chequers_ecumenical_altar_simple_redux,
          minmay_divided_ellipse
D:3:      layout_loops_cross, minivault_23, uniq_grinder,
          uniq_crazy_yiuf_cottage
D:4:      layout_basic, serial_shops, nicolae_shop_crystal, minmay_vboxes
D:5:      layout_basic, first_ration
D:6:      layout_loops_ring, serial_rivers, chequers_serial_rivers_large_a,
          chequers_serial_rivers_small_3, chequers_serial_rivers_room_b,
          chequers_serial_rivers_micro_a, chequers_serial_rivers_micro_a,
          chequers_serial_rivers_room_b, nicolae_gozag_zags_fifth_avenue,
          uniq_maggie, uniq_pikel, uniq_blork_the_orc
D:7:      layout_rooms, temple_statues, serial_shops,
          nicolae_shop_overgrown_old_shop

Skill      XL: |  1  2  3  4  5  6  7 |
---------------+----------------------+-----
Spellcasting   | 3 4 |  4.4
Hexes          | 1 2 4 |  4.0
Conjurations   | 5 |  5.0
Maces & Flails | 1 2 3 |  3.6
Dodging        | |  1.7
Stealth        | |  1.7

Action                   |  1- 3 |  4- 6 |  7- 9 || total
-------------------------+-------+-------+-------++-------
Melee: Unarmed           |    22 |       |       ||    22
       Dagger            |    55 |    20 |       ||    75
       Tailslap          |     7 |    12 |     2 ||    21
       Flail             |       |    59 |    34 ||    93
 Cast: Magic Dart        |    64 |    83 |    17 ||   164
       Dazzling Flash    |       |     3 |     4 ||     7
       Searing Ray       |       |       |     2 ||     2
  Use: Scroll            |       |     6 |       ||     6
       Potion            |       |     2 |       ||     2
 Stab: Invisible         |       |       |     2 ||     2
       Sleeping          |       |       |     1 ||     1
  Eat: Chunk             |     3 |     6 |     1 ||    10
       Ration            |       |     1 |       ||     1
Armor: Skin              |    35 |    32 |    16 ||    83
Dodge: Dodged            |    62 |    63 |    34 ||   159
